 Dungeon Crawl Stone Soup version 0.30-b1-2-g02819fbbbe (webtiles) character file.

Game seed: 8831607085138443901

28244 troglodickles the Cleaver (level 13, -1/105 (122) HPs)
             Began as a Minotaur Fighter on Jan 15, 2024.
             Was a High Priest of Okawaru.
             Slain by a blink frog (6 damage)
             ... on level 3 of the Lair of Beasts.
             The game lasted 00:27:03 (13991 turns).

troglodickles the Cleaver (Minotaur Fighter)       Turns: 13991, Time: 00:27:05

HP:   -1/105 (122)  AC: 21    Str: 38    XL:     13   Next: 8%
MP:   0/5           EV:  2    Int:  1    God:    Okawaru [*****.]
Gold: 775           SH:  0    Dex: 20    Spells: 12/12 levels left

rFire   + + +        D - +1 mace of the Lettuce {antimagic, Dex+5}
rCold   . . .        A - +2 kite shield {rF+}
rNeg    . . .        V - +0 plate armour of the Lily {Str+2 Dex+4}
rPois   +            G - +2 hat
rElec   .            H - scarf {repulsion}
rCorr   .            h - +0 pair of gloves
SInv    .            r - +0 pair of boots
Will    .....        e - amulet "Kuezxif" {Spirit rF+++ Str+5 Int-4} Stlth
                     S - +6 ring of strength
HPRegen 0.37/turn    N - ring of poison resistance
MPRegen 0.09/turn

%: repel missiles, guardian spirit
@: sleeping, on berserk cooldown, slowed, heavily drained
A: horns 2, retaliatory headbutt
a: Renounce Religion, Heroism, Finesse, Duel


You were on level 3 of the Lair of Beasts.
You worshipped Okawaru.
Okawaru was extremely pleased with you.
You visited 3 branches of the dungeon, and saw 15 of its levels.
You also visited: Ossuary.

You collected 1067 gold pieces.
You spent 292 gold pieces at shops.

Inventory:

Hand Weapons
 a - a +1 war axe of venom
 D - the +1 mace of the Lettuce (weapon) {antimagic, Dex+5}
   (You found it on level 7 of the Dungeon)

   Dex:       It affects your dexterity (+5).
 R - a +4 battleaxe of protection
Missiles
 i - a throwing net (quivered)
Armour
 h - a +0 pair of gloves (worn)
 m - a +0 cloak
 r - a +0 pair of boots (worn)
 A - a +2 kite shield of fire resistance (worn)
 B - a +2 chain mail of poison resistance
 G - a +2 hat (worn)
 H - a scarf of repulsion (worn)
 V - the +0 plate armour of the Lily (worn) {Str+2 Dex+4}
   (Okawaru gifted it to you on level 11 of the Dungeon)

   Str:       It affects your strength (+2).
   Dex:       It affects your dexterity (+4).
Jewellery
 b - an amulet of regeneration
 e - the amulet "Kuezxif" (around neck) {Spirit rF+++ Str+5 Int-4}
   (You acquired it on level 3 of the Dungeon)

   [amulet of guardian spirit]

   It causes incoming damage to be divided between your reserves of health and
   magic.
   Str:       It affects your strength (+5).
   Int:       It affects your intelligence (-4).
   rF:        It renders you almost immune to fire.
 k - a ring of magical power
 n - a ring of protection from fire
 N - a ring of poison resistance (right hand)
 S - a +6 ring of strength (left hand)
 T - an amulet of guardian spirit
 W - a ring of protection from fire
Wands
 d - a wand of flame (3)
 v - a wand of paralysis (16)
 F - a wand of polymorph (21)
 U - a wand of iceblast (3)
 X - a wand of light (3)
Scrolls
 f - 7 scrolls of teleportation
 t - a scroll of magic mapping
 w - a scroll of enchant weapon
 E - 4 scrolls of brand weapon
 J - a scroll of fog
 K - 2 scrolls of amnesia
 M - a scroll of poison
 O - 4 scrolls of identify
 Q - 3 scrolls of immolation
Potions
 c - 2 potions of lignification
 g - 15 potions of curing
 j - 3 potions of haste
 l - 4 potions of flight
 o - 2 potions of attraction
 p - a potion of berserk rage
 q - 2 potions of ambrosia
 s - 6 potions of magic
 u - 2 potions of invisibility
 x - 4 potions of mutation
 z - 4 potions of heal wounds
 I - a potion of degeneration
 L - 2 potions of brilliance
 P - 3 potions of cancellation
Miscellaneous
 y - a piece from Xom's chessboard (15/15)


   Skills:
 + Level 13.1 Fighting
 - Level 14.6 Axes
 + Level 13.0 Armour
 + Level 13.1 Shields
 - Level 5.0 Invocations


You had 12 spell levels left.
You didn't know any spells.
Your spell library contained the following spells:

 Spells                   Type           Power      Damage    Failure   Level
 Blink                    Tloc           0%         N/A       99%         2
 Dazzling Flash           Conj/Hex       0%         N/A       100%        3
 Hailstorm                Conj/Ice       0%         3d3       100%        3
 Inner Flame              Hex/Fire       0%         N/A       100%        3
 Portal Projectile        Hex/Tloc       0%         N/A       100%        3
 Volatile Blastmotes      Fire/Tloc      0%         2d10      100%        3
 Fulminant Prism          Conj/Hex       0%         3d5       100%        4
 Ice Form                 Ice/Tmut       0%         N/A       100%        4
 Iskenderun's Mystic Bla  Conj/Tloc      0%         2d3       100%        4
 Leda's Liquefaction      Hex/Erth       0%         N/A       100%        4
 Manifold Assault         Tloc           0%         N/A       100%        4
 Agony                    Necr           0%         N/A       100%        5
 Lee's Rapid Deconstruct  Erth           0%         3d4*      100%        5
 Silence                  Hex/Air        0%         N/A       100%        5
 Yara's Violent Unravell  Hex/Tmut       0%         3d3       100%        5
 Eringya's Noxious Bog    Tmut/Pois      0%         N/A       100%        6
 Enfeeble                 Hex            0%         N/A       100%        7
 Ozocubu's Refrigeration  Ice            0%         4d7       100%        7
 Storm Form               Tmut/Air       0%         N/A       100%        7
 Polar Vortex             Ice            0%         N/A       100%        9
 Call Canine Familiar     Summ           Unusable   N/A       N/A         3
 Summon Forest            Summ/Tloc      Unusable   N/A       N/A         5
 Simulacrum               Ice/Necr       Unusable   N/A       N/A         6
 Summon Hydra             Summ           Unusable   N/A       N/A         7

Dungeon Overview and Level Annotations

Branches:
Dungeon (11/15)            Temple (1/1) D:6            Lair (3/5) D:11
  Snake (0/4) Lair:3      Ossuary (visited)
  Swamp: Lair:2-3    Shoals: Lair:2-3       Orc: D:9-12

Altars:
Ashenzari
Cheibriados
Dithmenos
Elyvilon
Fedhas
Gozag
Nemelex Xobeh
Okawaru
Qazlal
Ru
Sif Muna
Trog
Vehumet
Yredelemnul
Zin
The Shining One

Shops:
D:3 [(=   D:5 *   D:6 *   D:7 ?

Annotations:
D:7 2 transporters


Innate Abilities, Weirdness & Mutations

You have a pair of horns on your head.
You reflexively headbutt those who attack you in melee.


Message History

The dream sheep are wreathed in dream dust.
You feel drowsy...
You fall asleep.
The dream sheep bleats!
The dream sheep "Baaaas" sleepily.
The dream sheep bites you!
You wake up.
* * * LOW HITPOINT WARNING * * *
The dream sheep bites you.
* * * LOW HITPOINT WARNING * * *
You block the dream sheep's attack.
It was a potion of heal wounds.
You feel much better.
The dream sheep bites you but does no damage.
You block the dream sheep's attack.
Unknown command.
You closely miss the dream sheep. You headbutt the dream sheep!
The dream sheep is heavily wounded.
You block the dream sheep's attack. x3
The dream sheep shake their wool and sparkle.
You feel drowsy...
You fall asleep.
The dream sheep bites you!
You wake up.
* * * LOW HITPOINT WARNING * * *
The dream sheep attacks as you move away!
You block the dream sheep's attack. The dream sheep bites you!
* * * LOW HITPOINT WARNING * * *
The dream sheep bites you but does no damage.
Okay, then.
Blink to where?
Press: ? - help, Dir - move target
As you read the scroll of blinking, it crumbles to dust.
As you read the scroll of teleportation, it crumbles to dust.
You feel strangely unstable.
The dream sheep shake their wool and sparkle.
You feel drowsy...
You fall asleep.
Your surroundings suddenly seem different. 4 blink frogs come into view.
Found 16 stones.
The blink frog croaks.
The blink frog gives a loud, deep croak!
The blink frog croaks.
The blink frog hits you!
You die...

............)...
..............
....[..........
....#..........
...............#
...#...........
................##
#...........
..P..............#
.......#...P
..............(...
....
....P...##.....
.....(.........
.(.....@.......
........
......FFF......
........
...............
..#...P#
...#..#...F.###
........ ..
#.##..P...#
........ . ..
#........ ........
.. #.......#
........ ...
.##...##. <....#


You could see 4 blink frogs.

Vanquished Creatures
  3 hydras (Lair:2)
  2 boulder beetles (D:11)
  3 two-headed ogres
  Urug (Lair:3)
  An oklob plant (D:11)
  3 cyclopes (D:11)
  A manticore (D:11)
  A black mamba (Lair:1)
  A gargoyle (D:11)
  4 cane toads
  3 komodo dragons
  3 polar bears
  5 trolls
  5 blink frogs (Lair:1)
  A shadow (D:10)
  A spriggan (Lair:2)
  2 vampires
  49 yaks
  2 wyverns
  A basilisk (Lair:2)
  4 wraiths
  2 steam dragons (D:8)
  3 vampire mosquitoes (D:11)
  An acid dragon (D:11)
  7 water moccasins
  2 sky beasts
  An ice beast (D:8)
  An orc warrior (D:10)
  3 black bears
  2 ogres
  8 centaurs
  14 wolves
  A phantom (D:6)
  6 kobold brigands
  3 gnoll sergeants
  5 bullfrogs
  13 scorpions
  11 wights
  6 howler monkeys
  A centaur zombie (Ossuary)
  2 hounds (D:5)
  A jelly (D:7)
  2 human zombies (Ossuary)
  Crazy Yiuf (D:7)
  2 orc priests
  3 iguanas
  3 scorpion zombies (Ossuary)
  4 orc wizards
  3 mummies (Ossuary)
  7 gnolls
  7 adders
  A shadow imp (D:6)
  2 white imps
  2 ufetubi
  2 worms
  A dart slug (D:1)
  19 orcs
  4 bats
  8 endoplasms
  A giant cockroach (D:3)
  5 gnoll zombies (Ossuary)
  11 goblins
  3 hobgoblins
  4 jackals (D:2)
  35 kobolds
  2 quokkas
  13 ball pythons
  2 frilled lizards
  3 goblin zombies (Ossuary)
  2 hobgoblin zombies (Ossuary)
  4 kobold zombies (Ossuary)
  3 orc zombies (Ossuary)
  3 rats
  A bush (D:2)
352 creatures vanquished.

Vanquished Creatures (others)
  A kobold (D:10)
  7 demonic plants (D:3)
  5 fungi
  7 plants
  A withered plant (D:3)
21 creatures vanquished.

Grand Total: 373 creatures vanquished

Notes
Turn   | Place    | Note
-------+----------+-------------------------------------------
     0 | D:1      | troglodickles the Minotaur Fighter began the quest for the
                  | Orb.
     0 | D:1      | Reached XP level 1. HP: 19/19 MP: 0/0
    40 | D:1      | Reached skill level 3 in Axes
   169 | D:1      | Reached XP level 2. HP: 26/26 MP: 1/1
   549 | D:2      | Reached skill level 4 in Axes
   594 | D:2      | Reached XP level 3. HP: 25/31 MP: 2/2
  1199 | D:3      | Identified a scroll of acquirement
  1199 | D:3      | Acquired the amulet "Kuezxif" {Spirit rF+++ Str+5 Int-4}
  1269 | D:3      | Found Tonounn's Antique Weapon Shop.
  1292 | D:3      | Reached skill level 5 in Axes
  1388 | D:3      | Noticed a water moccasin
  1397 | D:3      | Killed a water moccasin
  1398 | D:3      | Reached skill level 6 in Axes
  1398 | D:3      | Reached XP level 4. HP: 27/39 MP: 3/3
  1398 | D:3      | Reached XP level 5. HP: 32/45 MP: 4/4
  1606 | D:3      | Found Kuifokec's Jewellery Shoppe.
  1933 | D:3      | Found a faded altar of an unknown god.
  1991 | D:3      | Identified the +6 short sword "Zecveg" {distort, rC+ rCorr
                  | Int-4}
  2123 | D:3      | Found Sydoasuq's Antique Armour Emporium.
  2170 | D:4      | Reached skill level 7 in Axes
  2200 | D:4      | Found a stormy altar of Qazlal.
  2202 | D:4      | Noticed a sky beast
  2298 | D:3      | Killed a sky beast
  2299 | D:3      | Reached skill level 8 in Axes
  2299 | D:3      | Reached XP level 6. HP: 51/51 MP: 5/5
  2349 | D:4      | Reached skill level 9 in Axes
  2349 | D:4      | Reached XP level 7. HP: 41/57 MP: 6/6
  2423 | D:4      | You fall into a shaft and drop 2 floors!
  2427 | D:5      | Entered Level 5 of the Dungeon
  2458 | D:5      | Found Jaduyshra's Serpentskin Sales.
  2467 | D:5      | Reached skill level 10 in Axes
  3168 | D:4      | Reached skill level 11 in Axes
  3631 | D:6      | Reached XP level 8. HP: 45/64 MP: 7/7
  3807 | D:6      | Reached skill level 12 in Axes
  4020 | D:6      | Found a staircase to the Ecumenical Temple.
  4031 | D:6      | Found Pamopreq's General Store.
  4041 | D:6      | Reached skill level 13 in Axes
  4327 | D:3      | Bought a runed kite shield for 217 gold pieces
  4713 | D:7      | Reached skill level 14 in Axes
  4713 | D:7      | Reached XP level 9. HP: 64/70 MP: 8/8
  4765 | Temple   | Entered the Ecumenical Temple
  4812 | Temple   | Became a worshipper of Warmaster Okawaru
  5165 | D:7      | Identified the +1 mace of the Lettuce {antimagic, Dex+5}
  5182 | D:7      | Found a runed translucent door.
  5183 | D:7      | Noticed Crazy Yiuf
  5191 | D:7      | Killed Crazy Yiuf
  5290 | D:7      | Found Ceoff's Magic Scroll Boutique.
  5293 | D:7      | Bought a scroll of blinking for 75 gold pieces
  5375 | D:7      | Found a transporter.
  5381 | D:7      | Noticed a troll
  5384 | D:7      | Found a transporter.
  5850 | D:8      | Found a sand-covered staircase.
  5855 | Ossuary  | Entered an ossuary
  5937 | Ossuary  | Reached skill level 5 in Fighting
  5937 | Ossuary  | Reached skill level 5 in Shields
  5948 | Ossuary  | Reached * piety under Okawaru
  5949 | Ossuary  | Reached skill level 5 in Armour
  6498 | D:8      | Reached XP level 10. HP: 67/84 MP: 3/9
  6560 | D:8      | Reached ** piety under Okawaru
  7404 | D:9      | Reached *** piety under Okawaru
  8027 | D:9      | Reached **** piety under Okawaru
  8136 | D:9      | Noticed a two-headed ogre
  8156 | D:9      | Killed a two-headed ogre
  8157 | D:9      | Reached XP level 11. HP: 44/97 MP: 5/10
  8556 | D:10     | Entered Level 10 of the Dungeon
  8620 | D:10     | Identified the +3 ring mail of the Komodo Dragon {+Inv rF-
                  | Dex+7 Slay-5}
  8973 | D:10     | Reached ***** piety under Okawaru
  8981 | D:10     | Reached skill level 1 in Invocations
  9200 | D:11     | Identified the +0 plate armour of the Lily {Str+2 Dex+4}
                  | (Okawaru gifted it to you on level 11 of the Dungeon)
  9200 | D:11     | Received a gift from Okawaru
  9291 | D:11     | Found a staircase to the Lair.
  9293 | D:11     | Noticed an oklob plant
  9321 | D:11     | Killed an oklob plant
  9748 | D:11     | Noticed a two-headed ogre
  9748 | D:11     | Noticed a two-headed ogre
  9758 | D:11     | Reached skill level 10 in Fighting
  9758 | D:11     | Reached skill level 10 in Shields
  9771 | D:11     | Reached skill level 10 in Armour
  9775 | D:11     | Killed a two-headed ogre
  9780 | D:11     | Killed a two-headed ogre
  9855 | D:11     | Noticed a boulder beetle
  9855 | D:11     | Noticed a boulder beetle
  9894 | D:11     | Killed a boulder beetle
  9904 | D:11     | Killed a boulder beetle
  9905 | D:11     | Reached XP level 12. HP: 20/108 MP: 1/14
 10209 | D:11     | Received a gift from Okawaru
 10503 | D:11     | Reached skill level 5 in Invocations
 10799 | Lair:1   | Entered Level 1 of the Lair of Beasts
 11600 | Lair:2   | Noticed a four-headed hydra
 11612 | Lair:2   | Killed a four-headed hydra
 11773 | Lair:2   | Noticed a six-headed hydra
 11783 | Lair:2   | Killed a six-headed hydra
 11926 | Lair:2   | Identified the +2 robe of Theory {Regen+ Str+3 Int+3}
                  | (Okawaru gifted it to you on level 2 of the Lair of Beasts)
 11926 | Lair:2   | Received a gift from Okawaru
 13492 | Lair:3   | Noticed a four-headed hydra
 13560 | Lair:2   | Killed a four-headed hydra
 13561 | Lair:2   | Reached XP level 13. HP: 106/119 MP: 3/15
 13730 | Lair:3   | Found a staircase to the Snake Pit.
 13956 | Lair:3   | Noticed Urug
 13975 | Lair:3   | Killed Urug
 13981 | Lair:3   | HP: 5/105 [dream sheep (10)]
 13982 | Lair:3   | HP: 1/105 [dream sheep (5)]
 13987 | Lair:3   | HP: 3/105 [dream sheep (7)]
 13991 | Lair:3   | Slain by a blink frog

Illustrated notes

Levels and vault maps discovered:
D:1:      dpeg_arrival_orchard, layout_rooms, nicolae_figureground_pulse
D:2:      layout_basic, minmay_hedge_maze, st_stairs_7, serial_bayou_pond_e,
          kennysheep_small_spiral
D:3:      layout_basic, shapermc_ecumenical_altar_gd, serial_shops, shop,
          nicolae_diamond_shop, nicolae_shop_tiny_real_fake_doors,
          grunt_decor_cap, palyth_stone_intersect
D:4:      layout_rooms, nicolae_qazlal_beasts_of_the_sky
D:5:      layout_basic, guppyfry_shop_venom
D:6:      layout_gridville, minmay_temple_entry_antechambers, serial_shops,
          nicolae_shop_tiny_statue_garden, small_statue_alley_b,
          hellmonk_bongcloud_opening, hex_medium
D:7:      gammafunk_beogh_shrine, layout_basic, serial_shops,
          nicolae_shop_tiny_real_fake_doors, uniq_crazy_yiuf_cottage
D:8:      layout_cave_pods, enter_ossuary_5
D:9:      layout_loops_ring, kennysheep_kite_vault
D:10:     layout_rooms
D:11:     layout_loops_cross, dpeg_oklobed_lair, minmay_joined_circles
Temple:   regret_index_temple_sigil_plot
Lair:1:   layout_regular_city
Lair:2:   layout_chaotic_city, forest_entry_grove, grunt_megastairs_3
Lair:3:   layout_gridlike, minmay_shoals_entry_hut, dummy_snake_entry,
          grunt_megastairs_4, lemuel_fruit_tree, serial_bayou_shore_b, uniq_urug

Skill      XL: |  1  2  3  4  5  6  7  8  9 10 11 12 13 |
---------------+----------------------------------------+-----
Axes           | 3 4 6 8 9 11 14 | 14.6
Fighting       | 6 9 10 12 13 | 13.1
Armour         | 6 9 10 12 13 | 13.0
Shields        | 6 9 10 12 13 | 13.1
Invocations    | 4 5 |  5.0

Action                     |  1- 3 |  4- 6 |  7- 9 | 10-12 | 13-15 || total
---------------------------+-------+-------+-------+-------+-------++-------
  Melee: War axe           |   131 |    58 |   139 |       |       ||   328
         Headbutt          |    32 |     9 |    59 |   238 |    16 ||   354
         Mace              |       |       |   165 |   784 |    50 ||   999
    Use: Scroll            |     4 |     6 |     8 |    10 |     2 ||    30
         Potion            |       |       |       |     5 |     2 ||     7
 Armour: Scale mail        |    28 |    32 |    49 |       |       ||   109
         Chain mail        |       |       |    68 |   128 |       ||   196
         Plate armour      |       |       |       |   268 |    30 ||   298
  Dodge: Dodged            |    46 |    13 |    86 |   196 |    18 ||   359
  Block: Buckler           |    15 |    13 |    14 |       |       ||    42
         Kite shield       |       |       |   109 |   628 |    57 ||   794
